AoeStats
← [La14]Uvita

Arabia

510392403Analyzed
1v1 RM · 1d ago on Sep 30, 2026· 37m 8s· 2 players
Game mode
Random Map
Map size
Tiny (2 player)
Population
200
Speed
Normal
Resources
Standard
Victory
Conquest
Starting age
Dark Age
Ending age
Imperial Age
RankedLock teamsTeams togetherTeam positionsShared explorationLock speedFull tech treeHidden civsTurbo modeCheats
Victory
Defeat
🇺🇾 Mongols · Uruguay
905
+16
🇦🇷 Magyars · Argentina
908
-16
Petrucci!
8:31 Loom
10:36 Feudal Age
11:29 Double-Bit Axe
13:02 Bloodlines
22:33 Castle Age
22:22 Fletching
24:04 Padded Archer Armor
28:18 Horse Collar
29:23 Stone Mining
33:36 Thumb Ring
36:23 Leather Archer Armor
37:53 Wheelbarrow
[La14]Uvita
6:46 Loom
10:11 Feudal Age
14:22 Double-Bit Axe
14:20 Horse Collar
19:23 Bloodlines
20:11 Scale Barding Armor
21:47 Fletching
22:00 Gold Mining
26:16 Castle Age
27:26 Bow Saw
27:05 Town Watch
28:48 Bodkin Arrow
28:35 Elite Skirmisher
30:36 Padded Archer Armor
31:09 Chain Barding Armor
37:45 Wheelbarrow
37:54 Wheelbarrow
Connection lost

Rejoining the realm…

Still unreachable

The connection could not be restored.

Session expired

The server has moved on; the page needs a fresh start.